 Dungeon Crawl Stone Soup version 0.31-a0-150-g89dc3ad700 (webtiles) character file.

Game seed: 16986272359628228418

790 qw the Skirmisher (level 7, -7/61 HPs)
             Began as a Minotaur Hunter on June 8, 2023.
             Mangled by a gnoll
             ... wielding a +0 spear
             ... led by a gnoll bouda
              (8 damage)
             ... on level 5 of the Dungeon.
             The game lasted 00:01:14 (2872 turns).

qw the Skirmisher (Minotaur Hunter)                 Turns: 2872, Time: 00:01:14

Health: -7/61      AC:  6    Str: 15    XL:     7   Next: 57%
Magic:  6/6        EV: 12    Int:  6    God:
Gold:   179        SH:  0    Dex: 16    Spells: 6/6 levels left

rFire   . . .        Y - +0 shortbow (drain)
rCold   . . .        (shield currently unavailable)
rNeg    + . .        m - +0 ring mail
rPois   .            (helmet restricted)
rElec   .            (no cloak)
rCorr   .            (no gloves)
SInv    .            h - +0 pair of boots
Will    +....        (no amulet)
Stlth   +            a - ring of positive energy
HPRegen 0.30/turn    n - ring of willpower
MPRegen 0.10/turn

%: no passive effects
@: lethally poisoned (-7 -> -9)
A: horns 2, retaliatory headbutt
a: no special abilities


You were on level 5 of the Dungeon.
You visited 1 branch of the dungeon, and saw 5 of its levels.

You collected 179 gold pieces.


Innate Abilities, Weirdness & Mutations

You have a pair of horns on your head.
You reflexively headbutt those who attack you in melee.


   Skills:
 - Level 5.5 Fighting
 + Level 8.4 Ranged Weapons
 - Level 2.7 Armour
 - Level 3.1 Dodging
 - Level 0.7 Stealth


You had 6 spell levels left.
You didn't know any spells.
Your spell library was empty.

Inventory:

Hand Weapons
 Y - a +0 shortbow of draining (weapon)
Armour
 h - a +0 pair of boots (worn)
 m - a +0 ring mail (worn)
Jewellery
 a - a ring of positive energy (left hand)
 i - a ring of fire
 n - a ring of willpower (right hand)
Scrolls
 e - 2 scrolls of identify
Potions
 d - 2 potions of resistance
 f - a potion of lignification {unknown}
 g - 2 potions of might
 j - 5 potions of curing
 k - a potion of mutation {unknown}

Dungeon Overview and Level Annotations

Branches:
Dungeon (5/15)
 Temple: D:4-7

Altars:
Nemelex Xobeh


Message History

The arrow hits the adder but does no damage.
The adder is severely wounded.
You feel very sick. The scorpion misses you. You furiously retaliate!
You headbutt the scorpion, but do no damage.
The gnoll hits you from afar with a +0 spear.
You shoot an arrow. The arrow hits the scorpion.
You drain the scorpion.
The scorpion is severely wounded.
You feel very sick.
The scorpion stings you but does no damage.
The gnoll barely misses you.
The gnoll bouda barks out a call to the hunt!
The gnoll picks up the pace!
The scorpion closely misses you. You furiously retaliate!
You headbutt the scorpion!
You kill the scorpion!
Your Armour skill increases to level 2!
You shoot an arrow. The arrow hits the adder!
You kill the adder!
You feel sick.
The gnoll hits you from afar with a +0 spear.
The gnoll bouda calls upon its god to heal the gnoll.
The gnoll's wounds heal themselves!
You shoot an arrow. The arrow hits the scorpion.
The scorpion is moderately wounded.
You feel sick. The gnoll closely misses you. The scorpion barely misses you.
You furiously retaliate!
You headbutt the scorpion. You shoot an arrow. The arrow hits the scorpion.
You drain the scorpion.
The scorpion is almost dead.
You feel sick.
The gnoll hits you from afar with a +0 spear.
The scorpion closely misses you.
You shoot an arrow. The arrow closely misses the scorpion.
The arrow closely misses the gnoll bouda.
The arrow hits the gnoll but does no damage.
You drain the gnoll.
The gnoll is moderately wounded.
You feel sick. The scorpion barely misses you.
The gnoll hits you from afar with a +0 spear!
You die...

..........#..s.
................
................#.
##................
##........#.z....##..
........gz#g........### #
.......ggg.z..........###
..##..##s###...........##
....##.@%##...........#.
..#.......(..............
. #.......#......<.......
##......##...........#.
##...............#....
#........##.#.#####..#
#............## #.##
..........##...# ####
..............##


You could see a gnoll bouda, a scorpion (drained), a wight and 3 gnolls.

Vanquished Creatures
  Sigmund (D:2)
  2 ogres (D:4)
  A scorpion (D:5)
  A hound (D:4)
  A gnoll bouda (D:4)
  2 iguanas (D:4)
  An orc wizard (D:4)
  Robin (D:3)
  12 gnolls
  4 adders
  2 worms
  3 dart slugs
  4 orcs (D:4)
  4 bats
  9 endoplasms
  3 giant cockroaches
  17 goblins
  12 hobgoblins
  3 jackals (D:4)
  A quokka (D:4)
  5 ball pythons
  2 frilled lizards
  5 kobolds
  3 rats
99 creatures vanquished.

Notes
Turn   | Place    | Note
-------+----------+-------------------------------------------
     0 | D:1      | qw the Minotaur Hunter began the quest for the Orb.
     0 | D:1      | Reached XP level 1. HP: 18/18 MP: 0/0
     0 | D:1      | 0 ||| qw: Version: 0.2-a-119-g0488c42
     0 | D:1      | 0 ||| qw: Game counter: 2737
     0 | D:1      | 0 ||| qw: Always use a shield: true
     0 | D:1      | 0 ||| qw: God list: Okawaru
     0 | D:1      | 0 ||| qw: Allow faded altars: false
     0 | D:1      | 0 ||| qw: Do Orc after D:15 true
     0 | D:1      | 0 ||| qw: Do second Lair branch before Depths: true
     0 | D:1      | 0 ||| qw: Lair rune preference: random
     0 | D:1      | 0 ||| qw: Plans: Normal
     0 | D:1      | 0 ||| PLANNING D:1-11
   201 | D:1      | Reached XP level 2. HP: 25/25 MP: 1/1
   222 | D:1      | Reached skill level 5 in Ranged Weapons
   226 | D:1      | 226 ||| Stepping ~*~*~tactically~*~*~ (outnumbered).
   228 | D:1      | 228 ||| Stepping ~*~*~tactically~*~*~ (outnumbered).
   500 | D:1      | 500 ||| UPGRADING to +0 pair of boots.
   505 | D:1      | 505 ||| READING scroll labelled WAPSETECIF.
   506 | D:1      | 506 ||| READING scroll labelled TELUASUOXA.
   507 | D:1      | 507 ||| DRINKING 2 bubbling dark potions.
   508 | D:1      | 508 ||| DROPPING scroll of butterflies.
   571 | D:2      | Reached skill level 3 in Fighting
   651 | D:2      | Noticed Sigmund
   656 | D:2      | Killed Sigmund
   657 | D:2      | Reached skill level 7 in Ranged Weapons
   657 | D:2      | Reached XP level 3. HP: 23/31 MP: 2/2
   657 | D:2      | Reached XP level 4. HP: 28/38 MP: 3/3
   657 | D:2      | Reached XP level 5. HP: 33/45 MP: 4/4
   658 | D:2      | 658 ||| FLEEEEING.
   659 | D:2      | 659 ||| FLEEEEING.
   660 | D:2      | 660 ||| FLEEEEING.
   661 | D:2      | 661 ||| FLEEEEING.
   662 | D:2      | 662 ||| FLEEEEING.
   893 | D:2      | 893 ||| Stepping ~*~*~tactically~*~*~ (outnumbered).
   896 | D:2      | Reached skill level 1 in Armour
   900 | D:2      | 900 ||| Stepping ~*~*~tactically~*~*~ (outnumbered).
   903 | D:2      | 903 ||| Stepping ~*~*~tactically~*~*~ (outnumbered).
  1341 | D:2      | 1341 ||| READING scroll labelled YRCHI ZIEWAHARE.
  1344 | D:2      | 1344 ||| READING scroll labelled MITROCA IZEPN.
  1855 | D:3      | Noticed Robin
  1860 | D:3      | Reached XP level 6. HP: 48/52 MP: 5/5
  1871 | D:3      | Killed Robin
  1983 | D:3      | Found a sparkling altar of Nemelex Xobeh.
  2099 | D:3      | 2099 ||| UPGRADING to ring of positive energy.
  2100 | D:3      | 2100 ||| READING 2 scrolls labelled FANLIO ZEQE.
  2101 | D:3      | 2101 ||| DRINKING 2 grey potions.
  2161 | D:4      | Reached skill level 8 in Ranged Weapons
  2277 | D:4      | Reached skill level 3 in Dodging
  2353 | D:4      | Reached XP level 7. HP: 58/60 MP: 6/6
  2717 | D:4      | 2717 ||| UPGRADING to +0 ring mail.
  2727 | D:4      | 2727 ||| DROPPING +0 leather armour.
  2728 | D:4      | 2728 ||| UPGRADING to ring of willpower.
  2729 | D:4      | 2729 ||| READING scroll labelled BITWAL ZOSEKIU.
  2730 | D:4      | 2730 ||| DRINKING 5 fizzy emerald potions.
  2731 | D:4      | 2731 ||| READING 2 scrolls of identify.
  2731 | D:4      | 2731 ||| IDENTIFYING dark potion
  2732 | D:4      | 2732 ||| DROPPING potion of degeneration.
  2775 | D:5      | Entered Level 5 of the Dungeon
  2850 | D:5      | 2850 ||| Stepping ~*~*~tactically~*~*~ (outnumbered).
  2852 | D:5      | 2852 ||| Stepping ~*~*~tactically~*~*~ (outnumbered).
  2853 | D:5      | 2853 ||| Stepping ~*~*~tactically~*~*~ (outnumbered).
  2854 | D:5      | 2854 ||| Stepping ~*~*~tactically~*~*~ (outnumbered).
  2855 | D:5      | 2855 ||| Stepping ~*~*~tactically~*~*~ (outnumbered).
  2858 | D:5      | 2858 ||| Stepping ~*~*~tactically~*~*~ (outnumbered).
  2859 | D:5      | 2859 ||| Stepping ~*~*~tactically~*~*~ (outnumbered).
  2860 | D:5      | 2860 ||| Stepping ~*~*~tactically~*~*~ (outnumbered).
  2861 | D:5      | 2861 ||| Stepping ~*~*~tactically~*~*~ (outnumbered).
  2867 | D:5      | HP: 13/61 [gnoll/+0 spear[a gnoll bouda] (4)]
  2870 | D:5      | HP: 6/61 [poisoned by a scorpion]
  2871 | D:5      | HP: 2/61 [gnoll/+0 spear[a gnoll bouda] (2)]
  2872 | D:5      | Mangled by a gnoll

Levels and vault maps discovered:
D:1:      dpeg_chamrin_arrival_tetris, layout_rooms
D:2:      layout_basic, kennysheep_pointless_box, uniq_sigmund
D:3:      layout_basic, marbit_many_paths, uniq_robin
D:4:      layout_cave_pools, serial_bayou_pond_a
D:5:      layout_cave_pools, mainiacjoe_overflow_six_doors_small, uniq_duvessa

Skill      XL: |  1  2  3  4  5  6  7 |
---------------+----------------------+-----
Ranged Weapons | 7 8 |  8.4
Fighting       | 3 4 5 |  5.5
Armour         | 1 2 |  2.7
Dodging        | 3 |  3.1
Stealth        | |  0.7

Action                     |  1- 3 |  4- 6 |  7- 9 || total
---------------------------+-------+-------+-------++-------
   Fire: Shortbow          |    58 |   148 |    55 ||   261
    Use: Scroll            |     2 |     3 |     2 ||     7
         Potion            |     1 |     1 |     1 ||     3
 Armour: Leather armour    |     6 |    13 |     2 ||    21
         Ring mail         |       |       |    15 ||    15
  Dodge: Dodged            |    10 |    38 |    22 ||    70

Table legend:
 A = Non-vault XP
 B = Vault XP
 C = Vault XP percentage of total XP
 D = Non-vault monster count
 E = Vault monster count
 F = Vault count percentage of total count
                 A         B        C        D         E       F
            +---------+---------+-------+---------+---------+-------
      Total |     850 |     279 |  24.7 |      85 |      14 |  14.1
            +---------+---------+-------+---------+---------+-------
        D:1 |      28 |       0 |   0.0 |      16 |       0 |   0.0
        D:2 |      90 |     231 |  72.0 |      21 |       1 |   4.5
        D:3 |      80 |      48 |  37.5 |      15 |      13 |  46.4
        D:4 |     539 |       0 |   0.0 |      30 |       0 |   0.0
        D:5 |     113 |       0 |   0.0 |       3 |       0 |   0.0
            +---------+---------+-------+---------+---------+-------
